Map: Echo LE

Players

AcerBly (Bly) - Winner!

  • Race: Zerg Zerg
  • Spawn Location: 11:00

beyoNd

  • Race: Zerg Zerg
  • Spawn Location: 5:00

Event: LycanGTV LotV Beta Tournament 1

VOD

Have the link to the VOD?

Description

Time

  • Played on: April 2, 2015, 3:21 p.m.
  • Length: 10:42

All games in this series

Show
View Real Time Build Order
Export as new Build Order

AcerBly Zerg - Winner!

Build Orders: Hatch First 

Get SALT Encoding   

  12  0:01  Drone  
  13  0:12  Overlord  
  13  0:17  Drone  
  14  0:24  Extractor  
  14  0:25  Drone  
  15  0:31  Drone  
  16  0:48  Hatchery  
  15  0:52  Drone  
  15  0:54  Extractor  
  15  1:09  Spawning Pool  
  14  1:12  Drone  
  14  1:15  Drone  
  16  1:21  Drone  
  17  1:26  Drone  
  18  1:34  Drone  
  19  1:45  Overlord  
  19  1:55  Queen  
  19  1:56  Zergling x2  
  19  1:59  Metabolic Boost  
  19  2:01  Zergling x2  
  23  2:09  Queen  
  23  2:12  Drone  
  26  2:17  Drone  
  26  2:21  Drone  
  28  2:32  Drone x2  
  30  2:38  Drone  
  30  2:40  Baneling Nest  
  30  2:45  Overlord  
  30  2:52  Overlord  
  30  3:05  Zergling x14  
  36  3:06  Zergling x2  
  37  3:22  Drone x6  
  43  3:29  Baneling  
  43  3:30  Baneling x2  
  43  3:32  Overlord  
  43  3:37  Drone x3  
  41  3:56  Drone x7  
  41  3:57  Drone x2  
  41  3:59  Extractor  
  45  4:13  Zergling x10  
  45  4:14  Zergling x2  
  45  4:15  Extractor  
  50  4:21  Roach Warren, Extractor  
  48  4:32  Baneling x4  
  48  4:35  Drone x4  
  52  4:39  Lair  
  52  4:42  Evolution Chamber  
  50  4:56  Drone x5  
  50  4:57  Drone x5  
  59  5:02  Burrow  
  59  5:08  Overlord  
  59  5:10  Zerg Missile Weapons Level 1  
  59  5:14  Hatchery  
  58  5:21  Overlord  
  58  5:22  Overlord  
  58  5:24  Overlord  
  58  5:29  Overlord  
  57  5:41  Glial Reconstitution  
  57  5:55  Roach x11  
  78  6:02  Roach x2  
  81  6:04  Overseer x2  
  81  6:11  Roach x2  
  85  6:13  Queen  
  85  6:14  Roach x2  
  85  6:16  Roach  
  93  6:23  Roach x3  
  99  6:26  Roach x2  
  99  6:31  Ravager x4  
  106  6:45  Overlord  
  106  6:50  Overseer  
  106  6:52  Roach x3  
  106  6:53  Roach x2  
  106  7:01  Overlord x6  
  106  7:03  Overlord  
  106  7:06  Roach x4  
  106  7:13  Roach  
  106  7:14  Roach x3  
  100  7:29  Roach  
  106  7:30  Roach x13  
  120  7:49  Drone  
  120  7:50  Drone x5  
  122  7:51  Zerg Missile Weapons Level 2  
  122  7:56  Ravager  
  122  7:57  Ravager x4  
  127  8:07  Roach x3  
  127  8:09  Overseer  
  127  8:10  Roach  
  127  8:12  Roach x7  
  141  8:14  Roach x5  
  141  8:15  Roach  
  141  8:17  Overlord x2  
  141  8:31  Overseer  
  141  8:34  Roach x6  
  153  8:48  Roach x7  
  124  8:57  Roach x3  
  124  8:59  Roach x5  
  124  9:00  Zergling x2  
  124  9:01  Zergling x12  
  128  9:02  Overlord  
  128  9:08  Roach x3  
  109  9:13  Queen  
  109  9:15  Roach x3, Queen  
  108  9:17  Queen  
  108  9:18  Overlord  
  108  9:30  Roach x3  
  108  9:46  Roach x9  
  108  9:48  Overlord  
  132  10:00  Roach x4  
  132  10:02  Roach x3  
  143  10:12  Roach x3  
Show
View Real Time Build Order
Export as new Build Order

beyoNd Zerg 

Build Orders: Hatch First 

Get SALT Encoding   

  12  0:01  Drone  
  13  0:10  Drone  
  14  0:33  Hatchery  
  13  0:42  Drone  
  14  0:52  Spawning Pool  
  14  0:56  Drone  
  14  1:08  Drone x2, Extractor x2  
  16  1:13  Overlord  
  16  1:34  Drone x2  
  18  1:45  Queen x2  
  18  1:46  Zergling x2  
  23  1:54  Drone x2  
  23  2:01  Overlord  
  25  2:20  Spine Crawler  
  25  2:21  Queen x2  
  28  2:25  Drone x2  
  28  2:29  Overlord  
  30  2:47  Spine Crawler  
  30  2:50  Drone x3  
  31  2:58  Drone x5  
  36  3:03  Queen  
  38  3:09  Extractor x2  
  36  3:19  Overlord  
  37  3:21  Drone x5  
  42  3:27  Roach Warren  
  41  3:35  Evolution Chamber  
  40  3:45  Zergling x2  
  40  3:46  Zergling x14  
  42  4:06  Drone x3  
  43  4:13  Drone  
  43  4:14  Overlord x2  
  44  4:31  Overlord  
  44  4:34  Drone x3  
  51  4:38  Drone x4  
  51  4:39  Zerg Missile Weapons Level 1  
  48  4:54  Drone x6  
  48  4:59  Lair  
  50  5:04  Extractor x2  
  47  5:11  Drone x4  
  51  5:22  Overlord  
  51  5:24  Roach  
  51  5:25  Roach x3  
  51  5:26  Roach  
  61  5:31  Roach  
  61  5:32  Roach  
  64  5:53  Roach x6  
  64  5:56  Burrow  
  75  6:07  Drone  
  76  6:15  Overseer  
  76  6:20  Overlord x3  
  76  6:23  Glial Reconstitution  
  76  6:31  Overlord  
  75  6:44  Drone x4  
  79  6:51  Roach  
  79  6:52  Roach x5  
  91  6:54  Hatchery, Overseer  
  90  7:15  Roach  
  90  7:16  Roach x4  
  98  7:23  Overseer  
  98  7:26  Roach x5  
  107  7:34  Roach  
  107  7:35  Overlord x2  
  107  7:49  Zerg Missile Weapons Level 2  
  107  7:51  Overlord x3  
  107  7:52  Overlord  
  107  8:02  Drone x3  
  107  8:04  Ravager x7  
  118  8:05  Ravager  
  118  8:07  Drone  
  118  8:08  Drone x2  
  121  8:14  Roach x3  
  121  8:15  Roach x2  
  121  8:16  Roach x3  
  127  8:30  Roach x5  
  122  8:46  Roach  
  122  8:47  Roach x6  
  118  8:51  Roach  
  118  8:52  Roach  
  105  9:01  Roach x4  
  83  9:11  Roach x2  
  83  9:12  Roach x2  
  83  9:16  Overseer  
  71  9:34  Roach  
  71  9:35  Roach x6  
  85  9:41  Roach x2  
  89  9:59  Roach  
  91  10:00  Roach x6  

Tags
 
Add a new tag
Caveats
  • Supply blocks, unpowered buildings, or Contaminate may cause inaccurate times.
  • Supply counts are checked every 10 seconds.